 Dungeon Crawl Stone Soup version 0.18.1-8-gdd0e5ea (webtiles) character file.

41 M4edhros the Sneak (level 3, -1/23 HPs)
             Began as an Octopode Artificer on June 8, 2016.
             Slain by Jessica
             ... wielding a +0 club
              (4 damage)
             ... on level 3 of the Dungeon.
             The game lasted 00:01:35 (360 turns).

M4edhros the Sneak (Octopode Artificer)              Turns: 360, Time: 00:01:36

Health: -1/23      AC:  1    Str: 10    XL:     3   Next: 52%
Magic:  5/5        EV: 12    Int: 14    God:
Gold:   0          SH:  0    Dex: 13    Spells: 0 memorised, 2 levels left

rFire  . . .     SeeInvis .     a - +0 short sword
rCold  . . .     Gourm    .     (no shield)
rNeg   . . .     Faith    .     (helmet restricted)
rPois  .         Spirit   .     (no amulet)
rElec  .         Dismiss  .     (no ring)
rCorr  .         Reflect  .     (no ring)
SustAt .         Harm     .     (no ring)
MR     .....                    (no ring)
Stlth  ++++......               (no ring)
                                (no ring)
                                (no ring)
                                (no ring)

@: not resistant to hostile enchantments, stealthy
A: almost no armour, amphibious, 8 rings, constrict 8, camouflage 1, gelatinous
body 1
a: no special abilities


You were on level 3 of the Dungeon.
You were not hungry.

You visited 1 branch of the dungeon, and saw 3 of its levels.

Inventory:

Hand Weapons
 a - a +0 short sword (weapon)
Wands
 b - a wand of flame (14/48)
 c - a wand of enslavement (15/24)
 d - a wand of random effects (15/48)
Scrolls
 e - a scroll of identify {unknown}
 i - a scroll of fog {unknown}
Potions
 g - a potion of flight {unknown}
 h - 2 potions of curing {unknown}
 j - 2 potions of heal wounds {unknown}
Comestibles
 f - a bread ration


   Skills:
 - Level 1.0 Fighting
 - Level 1.0 Short Blades
 - Level 2.0 Dodging
 + Level 4.8 Stealth
 - Level 3.2 Evocations


You had 2 spell levels left.
You didn't know any spells.

Dungeon Overview and Level Annotations

Branches:
Dungeon (3/15)

Altars:

Annotations:
D:3 Jessica


Innate Abilities, Weirdness & Mutations

You cannot wear most types of armour.
You are amphibious.
You can wear up to eight rings at the same time.
You can use your tentacles to constrict eight enemies at once.
Your skin changes colour to match your surroundings (Stealth).
Your rubbery body absorbs attacks (AC +1).


Message History

Jessica hits you with a club.
You hit Jessica but do no damage. Your grab misses Jessica.
Jessica hits you with a club. The kobold hits you but does no damage.
Jessica hits you with a club.
You barely miss Jessica. Your grab misses Jessica.
The kobold hits you with a short sword. Jessica hits you but does no damage.
You hit Jessica. Your grab misses Jessica.
Jessica is moderately wounded.
Jessica closely misses you. The kobold hits you with a short sword.
Evoke which item? (* to show all) (? for menu, Esc to quit)
Zapping:
b - a wand of flame (15/48)
Press: ? - help, Shift-Dir - straight line, f - Jessica
Aim: Jessica, wielding a club and wearing a glowing robe (moderately wounded, fast)
The puff of flame hits Jessica.
Jessica is severely wounded.
This wand has 14 charges left.
Jessica hits you with a club. The kobold hits you with a short sword.
* * * LOW HITPOINT WARNING * * *
Jessica hits you with a club.
You die...

######.# ###
#......# ..#
#..?..# #.#
#.....# #.#
#.....# #@#
#.....#
..#####@###.....#
#.....K...%.....##
#######.#.......)#
####
#...####...##.....
#..## ###.)......
###.## #.##.....
.## #...# #(#
..>.. ....###.#.#
#.##.....
#.......##
#........


You could see Jessica and a kobold.

Vanquished Creatures
  Ijyb (D:3)
  A dart slug (D:2)
  A giant gecko (D:3)
  A giant cockroach (D:3)
  2 hobgoblins
  A kobold (D:1)
  2 ball pythons
  2 bats (D:2)
  A goblin (D:3)
  2 rats
14 creatures vanquished.

Notes
Turn   | Place    | Note
--------------------------------------------------------------
     0 | D:1      | M4edhros the Octopode Artificer began the quest for the Orb.
     0 | D:1      | Reached XP level 1. HP: 13/13 MP: 3/3
    12 | D:1      | Reached skill level 2 in Stealth
   228 | D:2      | Reached XP level 2. HP: 18/18 MP: 4/4
   233 | D:2      | Reached skill level 3 in Stealth
   267 | D:3      | Noticed Ijyb
   275 | D:3      | Killed Ijyb
   275 | D:3      | Reached skill level 4 in Stealth
   275 | D:3      | Reached XP level 3. HP: 23/23 MP: 5/5
   353 | D:3      | Noticed Jessica
   360 | D:3      | Slain by Jessica

Skill      XL: |  1  2 |
---------------+-------+-----
Stealth        | 2 4 |  4.8
Fighting       | |  1.0
Short Blades   | |  1.0
Dodging        | |  2.0
Evocations     | |  3.2

Action                   || total
-------------------------++-------
Melee: Short sword       ||    28
       Tentacles         ||     7
       Constrict         ||     7
Evoke: Wand              ||     1
 Stab: Sleeping          ||     5
Armor: Skin              ||     3
Dodge: Dodged            ||    21
